 Dungeon Crawl Stone Soup version 0.24-a0-584-g9d6b971 (webtiles) character file.

Game seed: 929114976799483315, levelgen mode: deterministic

1819330 NoTea the Impregnable (level 27, 223/223 HPs)
             Began as a Deep Dwarf Fighter on Sept 3, 2019.
             Was the Champion of Makhleb.
             Escaped with the Orb
             ... and 3 runes on Sept 6, 2019!
             The game lasted 07:37:05 (64892 turns).

NoTea the Impregnable (Deep Dwarf Fighter)         Turns: 64892, Time: 07:37:05

Health: 223/223    AC: 37    Str: 30    XL:     27
Magic:  15/15      EV: 19    Int: 18    God:    Makhleb [******]
Gold:   33         SH: 29    Dex: 19    Spells: 27/30 levels left

rFire    + + +     SeeInvis +   a - +9 broad axe (vamp) {!w}
rCold    + . .     Gourm    .   Q - +0 large shield {rN+}
rNeg     + + .     Faith    .   M - +5 gold dragon scales
rPois    +         Spirit   .   R - +0 helmet of Inviolability {+Blink rF+ Str+2 Int+4}
rElec    .         Reflect  +   r - +2 cloak {+Inv}
rCorr    .         Harm     .   z - +1 pair of gloves
MR       +++++                  b - +2 pair of boots "Goonal" {rF+}
Stlth    ..........             J - +5 amulet of reflection
HPRegen  0.00/turn              G - ring of Interdependent Arising {+Fly rF+ Dex+4 Slay+3 SInv, =R}
MPRegen  0.14/turn              n - ring of the Mage {Wiz MR++ Int+3}

@: non-regenerating, studying Dodging
A: damage resistance, heal wounds, claws 2, talons 1, deformed body, frail 2,
low mp 1, magic resistance 1, negative energy resistance 1, sense surroundings
3, shaggy fur 1, no regeneration
0: Orb of Zot
}: 3/15 runes: decaying, serpentine, silver
a: Heal Wounds, Minor Destruction, Lesser Servant of Makhleb, Major Destruction,
Greater Servant of Makhleb, Renounce Religion, Evoke Blink, Evoke Invisibility,
Evoke Flight


You escaped.
You worshipped Makhleb.
Makhleb was exalted by your worship.
You were not hungry.

You visited 10 branches of the dungeon, and saw 50 of its levels.
You also visited: Gauntlet and Ice Cave.

You collected 8926 gold pieces.
You spent 8893 gold pieces at shops.

Inventory:

Hand Weapons
 a - a +9 vampiric broad axe (weapon) {!w}
   (You took it off a gnoll on level 8 of the Dungeon)
 w - the +7 whip of Massacring {slash, -Tele +Inv Str-3 Dex+9}
   (You bought it in a shop on level 2 of the Elven Halls)

   It inflicts extra damage upon your enemies.
   It affects your strength (-3).
   It affects your dexterity (+9).
   It lets you turn invisible.
   It prevents most forms of teleportation.
Missiles
 I - 4 throwing nets {!f}
 N - 27 silver javelins (quivered)
Armour
 b - the +2 pair of boots "Goonal" (worn) {rF+}
   (You found it in a Gauntlet)

   It protects you from fire.
 r - a +2 cloak of invisibility (worn)
   (You found it in a Gauntlet)
 z - a +1 pair of gloves (worn)
   (You found it on level 3 of the Swamp)
 M - +5 gold dragon scales (worn)
   (You found it on level 2 of the Vaults)
 Q - a +0 large shield of positive energy (worn)
   (You acquired it on level 3 of the Elven Halls)
 R - the +0 helmet of Inviolability (worn) {+Blink rF+ Str+2 Int+4}
   (You acquired it on level 5 of the Vaults)

   It affects your strength (+2).
   It affects your intelligence (+4).
   It protects you from fire.
   It lets you blink.
Jewellery
 n - the ring of the Mage (right hand) {Wiz MR++ Int+3}
   (You bought it in a shop on level 2 of the Orcish Mines)

   [ring of wizardry]

   It improves your spell success rate.
   It affects your intelligence (+3).
   It affects your resistance to hostile enchantments.
 G - the ring of Interdependent Arising (left hand) {+Fly rF+ Dex+4 Slay+3 SInv, =R}
   (You bought it in a shop on level 12 of the Dungeon)

   [ring of flight]

   It affects your dexterity (+4).
   It affects your accuracy and damage with ranged weapons and melee attacks
   (+3).
   It protects you from fire.
   It lets you see invisible.
   It lets you fly.
 J - a +5 amulet of reflection (around neck)
   (You bought it in a shop on level 3 of the Elven Halls)
 S - the ring of Qugouph {rElec rCorr}
   (You bought it in a shop on level 3 of the Snake Pit)

   [ring of resist corrosion]

   It insulates you from electricity.
   It provides partial protection from all sources of acid and corrosion.
Wands
 u - a wand of paralysis (23)
   (You found it on level 13 of the Dungeon)
 v - a wand of digging (22)
   (You found it on level 7 of the Dungeon)
 x - a wand of acid (18)
   (You found it on level 4 of the Lair of Beasts)
 A - a wand of clouds (3)
   (You found it on level 4 of the Dungeon)
 T - a wand of enslavement (29)
   (You found it on level 9 of the Dungeon)
 U - a wand of scattershot (5)
   (You found it on level 2 of the Swamp)
Scrolls
 g - 9 scrolls of fear
 h - a scroll of summoning
 m - 5 scrolls of immolation {!r}
 p - 5 scrolls of identify {@r1}
 s - 5 scrolls of blinking
 B - 21 scrolls of teleportation {@r4}
 K - 5 scrolls of fog
 Y - 27 scrolls of remove curse {@r2}
Potions
 i - 3 potions of mutation {!q}
 j - a potion of flight
 k - 17 potions of heal wounds {@q2}
 q - a potion of resistance
 C - 4 potions of lignification {!q}
 E - 4 potions of might
 F - a potion of berserk rage
 H - 2 potions of cancellation
 P - 18 potions of curing {@q1}
 X - 3 potions of agility
Books
 d - a manual of Dodging {!d}
   (You found it on level 5 of the Vaults)
Miscellaneous
 f - a sack of spiders
 l - a lightning rod (4/4) {!a}
   (You found it on level 3 of the Depths)
 t - a lamp of fire
   (You found it on level 1 of the Swamp)
 y - 2 phantom mirrors
 L - a fan of gales
   (You found it on level 1 of the Swamp)
 O - a phial of floods
   (You found it on level 5 of the Vaults)
Comestibles
 e - 68 rations


   Skills:
 + Level 22.7 Fighting
 - Level 19.0 Axes
 - Level 12.5 Throwing
 + Level 23.2 Armour
 + Level 20.4 Dodging
 + Level 19.6 Shields
 - Level 2.0 Spellcasting
 - Level 5.0 Summonings
 - Level 5.7 Transmutations
 - Level 10.1 Earth Magic
 - Level 21.0 Invocations
 - Level 17.6 Evocations


You had 27 spell levels left.
You knew the following spells:

 Your Spells              Type           Power        Failure   Level  Hunger
f - Summon Butterflies    Summ           ###.....     14%         1    #......
p - Passwall              Tmut/Erth      ####....     6%          2    ###....

Your spell library contained the following spells:

 Spells                   Type           Power        Failure   Level  Hunger
 Sandblast                Erth           #####.       1%          1    #......
 Beastly Appendage        Tmut           ###...       11%         1    #......
 Summon Small Mammal      Summ           ###.         14%         1    #......
 Sticks to Snakes         Tmut           ###.....     16%         2    ###....
 Call Imp                 Summ           ###.....     21%         2    ###....
 Call Canine Familiar     Summ           ###.....     38%         3    ###....
 Stone Arrow              Conj/Erth      ###...       38%         3    ###....
 Petrify                  Tmut/Erth      ####....     38%         4    #####..
 Lee's Rapid Deconstruct  Erth           #####.....   41%         5    ######.
 Spider Form              Tmut/Pois      ##........   65%         3    ###....
 Animate Skeleton         Necr           N/A          69%         1    #......
 Flame Tongue             Conj/Fire      #....        69%         1    #......
 Freeze                   Ice            #...         69%         1    #......
 Infusion                 Chrm           #...         69%         1    #......
 Magic Dart               Conj           #...         69%         1    #......
 Pain                     Necr           #...         69%         1    #......
 Recall                   Summ/Tloc      N/A          71%         3    ###....
 Summon Guardian Golem    Hex/Summ       ##......     71%         3    ###....
 Leda's Liquefaction      Hex/Erth       ###.......   77%         4    #####..
 Ignite Poison            Fire/Tmut/Pois #.......     80%         3    ###....
 Blink                    Tloc           N/A          82%         2    ###....
 Corpse Rot               Necr           N/A          82%         2    ###....
 Searing Ray              Conj           #.....       82%         2    ###....
 Shroud of Golubria       Chrm/Tloc      #.....       82%         2    ###....
 Slow                     Hex            #.......     82%         2    ###....
 Song of Slaying          Chrm           #.......     82%         2    ###....
 Sublimation of Blood     Necr           #.........   82%         2    ###....
 Swiftness                Chrm/Air       #.......     82%         2    ###....
 Throw Frost              Conj/Ice       #.....       82%         2    ###....
 Blade Hands              Tmut           ###.......   93%         5    ######.
 Conjure Flame            Conj/Fire      #.......     95%         3    ###....
 Dazzling Spray           Conj/Hex       #.....       95%         3    ###....
 Inner Flame              Hex/Fire       #.......     95%         3    ###....
 Mephitic Cloud           Conj/Pois/Air  #.......     95%         3    ###....
 Ozocubu's Armour         Chrm/Ice       #.......     95%         3    ###....
 Spectral Weapon          Hex/Chrm       #.......     95%         3    ###....
 Static Discharge         Conj/Air       #.......     95%         3    ###....
 Vampiric Draining        Necr           #.........   95%         3    ###....
 Ice Form                 Ice/Tmut       ##......     96%         4    #####..
 Summon Ice Beast         Ice/Summ       ##......     97%         4    #####..
 Summon Lightning Spire   Summ/Air       ##......     97%         4    #####..
 Aura of Abjuration       Summ           ###.......   97%         5    ######.
 Summon Demon             Summ           ###.......   97%         5    ######.
 Bolt of Magma            Conj/Fire/Erth ##........   99%         5    ######.
 Statue Form              Tmut/Erth      ####.....    99%         6    #######
 Animate Dead             Necr           N/A          100%        4    #####..
 Cause Fear               Hex            #.........   100%        4    #####..
 Force Lance              Conj/Tloc      #.......     100%        4    #####..
 Fulminant Prism          Conj/Hex       #.........   100%        4    #####..
 Iskenderun's Mystic Bla  Conj           #.......     100%        4    #####..
 Throw Icicle             Conj/Ice       #.......     100%        4    #####..
 Alistair's Intoxication  Tmut/Pois      ##......     100%        5    ######.
 Fireball                 Conj/Fire      #.........   100%        5    ######.
 Irradiate                Conj/Tmut      ##........   100%        5    ######.
 Iskenderun's Battlesphe  Conj/Chrm      #.......     100%        5    ######.
 Lightning Bolt           Conj/Air       #.........   100%        5    ######.
 Silence                  Hex/Air        #.........   100%        5    ######.
 Summon Forest            Summ/Tloc      ##........   100%        5    ######.
 Summon Mana Viper        Hex/Summ       ##......     100%        5    ######.
 Venom Bolt               Conj/Pois      #.........   100%        5    ######.
 Yara's Violent Unravell  Hex/Tmut       ##........   100%        5    ######.
 Bolt of Fire             Conj/Fire      #.........   100%        6    #######
 Conjure Ball Lightning   Conj/Air       #.........   100%        6    #######
 Darkness                 Hex            #.........   100%        6    #######
 Deflect Missiles         Chrm/Air       #.........   100%        6    #######
 Hydra Form               Tmut           ###.......   100%        6    #######
 Invisibility             Hex            #.......     100%        6    #######
 Iron Shot                Conj/Erth      ###.......   100%        6    #######
 Poison Arrow             Conj/Pois      #.........   100%        6    #######
 Shadow Creatures         Summ           N/A          100%        6    #######
 Orb of Destruction       Conj           #.........   100%        7    #######
 Ring of Flames           Chrm/Fire      #.........   100%        7    #######
 Spellforged Servitor     Conj/Summ      ##........   100%        7    #######
 Summon Hydra             Summ           ###.......   100%        7    #######
 Chain Lightning          Conj/Air       #.........   100%        8    #######
 Discord                  Hex            #.........   100%        8    #######
 Ignition                 Fire           #.........   100%        8    #######
 Lehudib's Crystal Spear  Conj/Erth      ###.......   100%        8    #######
 Fire Storm               Conj/Fire      #.........   100%        9    #######
 Glaciate                 Conj/Ice       #.........   100%        9    #######
 Shatter                  Erth           #####.....   100%        9    #######
 Tornado                  Air            #.........   100%        9    #######
 Regeneration             Chrm/Necr      Unusable     N/A         3    N/A
 Passage of Golubria      Tloc           Unusable     N/A         4    N/A

Dungeon Overview and Level Annotations

Branches:
Dungeon (15/15)            Temple (1/1) D:7            Lair (6/6) D:11
  Swamp (4/4) Lair:3        Snake (4/4) Lair:4        Slime (0/5) Lair:5
    Orc (2/2) D:12            Elf (3/3) Orc:2        Vaults (5/5) D:13
  Crypt (0/3) Vaults:3     Depths (5/5) D:15            Zot (5/5) Depths:5
  IceCv (visited)         Gauntlet (visited)

Altars:
Ashenzari
Cheibriados
Dithmenos
Elyvilon
Fedhas
Gozag
Hepliaklqana
Kikubaaqudgha
Makhleb
Nemelex Xobeh
Okawaru
Qazlal
Ru
Sif Muna
Trog
Uskayaw
Vehumet
Wu Jian
Xom
Yredelemnul
Zin
The Shining One
Beogh

Shops:
D:5 }   D:12 *%!*=   D:15 *   Orc:2 ((=*[   Elf:1 !   Elf:2 (*=   Elf:3 *(=*(*
Snake:3 ==}   Depths:4 *(=*[   Depths:5 [

Portals:
Hell: Depths:1 Depths:2 Depths:3 Depths:4 Depths:5
Abyss: Depths:1 Depths:2 Depths:4
Pandemonium: Depths:3 Depths:5
Ziggurat: Depths:3

Annotations:
D:14 exclusion: 2 oklob plants
Lair:5 1 runed translucent door, exclusion: 3 oklob plants
Elf:2 exclusion: 3 doors
Zot:3 2 runed translucent doors, Ris Kia's ghost, legendary MiFi


Innate Abilities, Weirdness & Mutations

You are resistant to damage.
You can heal yourself by infusing magical energy.
You resist negative energy. (rN+)
You passively map a large area around you.
You do not regenerate.
You have very sharp fingernails.
You have sharp toenails.
Armour fits poorly on your strangely shaped body.
You are very frail. (-20% HP)
Your magical capacity is low. (-10% MP)
You are resistant to hostile enchantments. (MR+)
You are covered in fur. (AC +1)


Message History

It stops flaming.
The cherub wields a +0 longbow.
The cherub shoots an arrow.
The arrow hits you but does no damage.
You climb upwards.
There is a stone staircase leading down here.
(D) Dungeon (T) Temple (L) Lair (S) Swamp (P) Snake Pit (M) Slime Pits (O) Orcish Mines (E) Elven Halls (V) Vaults (C) Crypt (U) Depths (H) Hell (Z) Zot
Where to? (Enter - D:1 @ (x,y), ? - help)
There is an escape hatch in the ceiling here.
Really go through this one-way escape hatch?
A mysterious force pulls you upwards. The hatch slams shut behind you.
(D) Dungeon (T) Temple (L) Lair (S) Swamp (P) Snake Pit (M) Slime Pits (O) Orcish Mines (E) Elven Halls (V) Vaults (C) Crypt (U) Depths (H) Hell (Z) Zot
Where to? (Enter - D:1 @ (x,y), ? - help)
There is a stone staircase leading up here.
You climb upwards.
Your magical contamination has completely faded away.
There is a stone staircase leading down here.
There is an open door here.
There is a stone staircase leading up here.
You climb upwards.
There is a stone staircase leading down here.
A lorocyproca comes into view.
The lorocyproca gives a chilling moan.
You see here a +0 short sword.
There is an open door here.
There is a stone staircase leading up here.
You slash the lorocyproca! You hit the lorocyproca.
The lorocyproca hits you but does no damage.
You chop the lorocyproca into pieces!!! The lorocyproca barely misses you.
You closely miss the lorocyproca. The lorocyproca closely misses you.
You completely miss the lorocyproca. You closely miss the lorocyproca.
You block the lorocyproca's attack.
You slice the lorocyproca!!
You kill the lorocyproca!
Makhleb accepts your kill.
(D) Dungeon (T) Temple (L) Lair (S) Swamp (P) Snake Pit (M) Slime Pits (O) Orcish Mines (E) Elven Halls (V) Vaults (C) Crypt (U) Depths (H) Hell (Z) Zot
Where to? (Enter - D:1 @ (x,y), ? - help)
You climb upwards.
There is a stone staircase leading down here.
There is an open door here.
There is a staircase leading out of the dungeon here.
You have escaped!

♣♣♣
#♣@♣#
#8.8#
##'##
#.#
#.#
#.#
#.#
#.#
##
#.#
#.


There were no monsters in sight!

Vanquished Creatures
  9 orbs of fire (Zot:5)
  4 ancient liches
  A juggernaut (Depths:4)
  Boris (twice) (Depths:5 Vaults:5)
  3 Killer Klowns (Zot:5)
  Bai Suzhen (Snake:4)
  Saint Roka (Snake:3)
  3 curse toes
  Nikola (Snake:2)
  7 golden dragons
  the Enchantress (Depths:1)
  2 electric golems (Zot:5)
  17 tentacled monstrosities
  26 Orb Guardians
  A lich (Depths:4)
  7 quicksilver dragons
  6 deep elf blademasters
  4 titans
  3 deep elf master archers (Elf:3)
  An Executioner (Depths:5)
  6 sphinxes
  3 thorn hunters (Swamp:3)
  Gastronok (Orc:1)
  5 death cobs
  8 draconian monks
  3 shadow dragons
  12 storm dragons
  6 nagarajas
  9 tengu reavers
  Donald (Vaults:4)
  A revenant (Depths:4)
  3 draconian knights
  12 fire giants
  10 frost giants
  4 ghost moths
  7 deep elf sorcerers
  7 draconian scorchers
  Aizul (Snake:2)
  2 orc warlords
  2 iron dragons
  19 vault wardens
  5 deep elf elementalists
  6 draconian stormcallers
  3 spriggan defenders (Depths:1)
  3 ghouls
  A juggernaut zombie (Depths:4)
  5 draconian shifters
  6 draconian annihilators
  27 stone giants
  18 ironheart preservers
  2 war gargoyles
  3 vampire knights
  A caustic shrike skeleton (Depths:4)
  17 very ugly things
  5 entropy weavers
  11 deep elf demonologists
  A lorocyproca (D:2)
  11 deep elf annihilators
  15 yellow draconians
  7 black draconians
  5 green draconians
  The ghost of Xaqezoel the Thaumaturge, a journeyman GnEE of Ashenzari (Lair:1)
  11 white draconians
  5 dire elephants (Lair:6)
  5 spark wasps
  7 red draconians
  14 ettins
  An eidolon (Depths:3)
  18 purple draconians
  12 deep elf death magi
  Snorg (D:11)
  A merfolk javelineer (Depths:2)
  10 fire dragons
  A crystal guardian (Vaults:4)
  5 jiangshi
  5 great orbs of eyes
  10 yaktaur captains
  6 deep elf high priests
  Erolcha (D:10)
  34 vault guards
  Harold (D:6)
  A hell beast (Depths:1)
  14 naga warriors
  2 catoblepae
  A ghost crab (Swamp:4)
  18 hydras
  2 rakshasas
  A shambling mangrove (Swamp:4)
  9 centaur warriors
  7 spriggan air magi
  12 ice dragons
  4 death knights
  42 two-headed ogres
  8 anacondas
  2 two-headed ogres (shapeshifter)
  26 dancing weapons
  A satyr (shapeshifter) (Vaults:5)
  13 ogre magi
  14 alligators
  2 death yaks
  3 vampire magi
  4 tengu warriors
  3 deep troll earth magi
  2 spriggan berserkers
  2 orc high priests
  11 shock serpents
  2 soul eaters (Depths:3)
  11 naga sharpshooters
  Sonja (D:10)
  4 hell knights
  A storm dragon zombie (Depths:4)
  29 deep elf knights
  A fire crab (shapeshifter) (Vaults:1)
  3 golden dragon zombies (Depths:4)
  A salamander mystic (Snake:3)
  6 shadow wraiths
  12 deep trolls
  4 skeletal warriors (Depths:3)
  2 spriggan druids
  2 orange crystal statues (Depths:3)
  5 unseen horrors
  3 death drakes (Depths:3)
  A swamp dragon (shapeshifter) (Vaults:1)
  5 flayed ghosts
  6 glowing orange brains
  A spectral hydra (Depths:3)
  9 naga ritualists
  5 sea snakes (Snake:2)
  4 wizards
  22 deep elf archers
  6 harpies
  3 tengu zombies (Depths:4)
  An iron dragon zombie (Depths:4)
  A golden dragon skeleton (Depths:2)
  21 orc knights
  8 swamp dragons
  3 wolf spiders
  7 mana vipers
  7 phantasmal warriors
  A harpy (shapeshifter) (Elf:3)
  3 necromancers
  A wolf spider zombie (D:15)
  A mana viper (shapeshifter) (Vaults:4)
  27 ironbrand convokers
  A human zombie (Vaults:4)
  6 orc sorcerers
  A cyclops (shapeshifter) (Vaults:5)
  A sphinx skeleton (Depths:4)
  83 deep elf magi
  11 manticores
  2 frost giant zombies (Depths:2)
  52 ugly things
  7 cyclopes
  An iron dragon skeleton (Depths:4)
  A manticore (shapeshifter) (Depths:4)
  A stone giant skeleton (Vaults:4)
  13 elephants
  24 moths of wrath
  11 salamanders
  A tengu skeleton (Depths:4)
  2 ice statues
  A black mamba (shapeshifter) (Depths:3)
  A guardian serpent (Snake:3)
  29 naga magi
  8 vault sentinels
  A torpor snail (Lair:1)
  A fire giant skeleton (Depths:4)
  Joseph (D:9)
  An elf zombie (Depths:2)
  A rust devil (Depths:1)
  34 black mambas
  14 spiny frogs
  3 gargoyles
  A spriggan skeleton (Depths:4)
  A spiny frog (shapeshifter) (Vaults:3)
  A kobold demonologist (D:13)
  A rime drake (Gauntlet)
  A yaktaur (shapeshifter) (Depths:2)
  51 yaktaurs
  A human skeleton (Vaults:4)
  7 komodo dragons
  4 freezing wraiths
  2 jumping spiders (shapeshifter)
  2 anaconda simulacra (Depths:3)
  2 jumping spiders
  27 polar bears
  A polar bear (shapeshifter) (Vaults:3)
  2 tengu conjurers
  9 trolls
  7 tyrant leeches
  A small abomination (Elf:3)
  21 bog bodies
  29 blink frogs
  10 hippogriffs
  A wind drake (shapeshifter) (Vaults:5)
  46 slime creatures
  8 hornets
  10 dream sheep
  A raiju (shapeshifter) (Depths:2)
  A fire giant simulacrum (Depths:1)
  4 flying skulls (Depths:4)
  A fire dragon skeleton (Depths:1)
  6 redbacks
  3 vampires
  8 air elementals
  Sigmund (D:5)
  8 water elementals
  2 elf skeletons (Depths:4)
  8 wraiths
  A yak (shapeshifter) (Vaults:4)
  69 yaks
  A spriggan (shapeshifter) (D:15)
  6 shadows
  8 basilisks
  6 spriggans
  2 tarantellas (shapeshifter)
  3 wyverns
  A wyvern (shapeshifter) (D:15)
  3 fire elementals
  A basilisk (shapeshifter) (Vaults:2)
  A golden eye (shapeshifter) (D:13)
  20 vampire mosquitoes
  A minotaur simulacrum (Depths:3)
  12 wargs
  2 acid dragons
  6 insubstantial wisps
  A soldier ant (D:14)
  13 hell hounds
  42 nagas
  22 swamp worms
  A hydra simulacrum (Depths:3)
  4 floating eyes
  A spectral troll (Depths:3)
  10 water moccasins
  Duvessa (D:5)
  4 spectral spriggans (Depths:3)
  9 swamp drakes
  A snapping turtle zombie (Depths:3)
  17 porcupines
  56 orc warriors
  9 ice beasts
  2 sky beasts
  A black bear (D:8)
  5 phantoms
  A boggart (shapeshifter) (Vaults:2)
  2 necrophages
  29 ogres
  16 boggarts
  38 wolves
  21 centaurs
  14 crocodiles
  6 big kobolds
  A glowing shapeshifter simulacrum (Vaults:4)
  19 bullfrogs
  2 earth elementals
  A water moccasin zombie (D:7)
  5 scorpions
  Dowan (D:5)
  3 spectral nagas (Depths:3)
  18 wights
  3 spectral ogres (Depths:3)
  A howler monkey (D:10)
  2 centaur zombies
  11 electric eels
  4 spectral centaurs (Depths:3)
  7 crimson imps
  7 hounds
  A hound (shapeshifter) (D:15)
  2 jellies
  29 orc priests
  2 bullfrog skeletons (D:10)
  A gnoll shaman (D:8)
  4 centaur skeletons
  Jessica (D:3)
  Terence (D:2)
  5 iguanas
  35 orc wizards
  A spriggan simulacrum (Depths:3)
  14 worker ants
  A killer bee zombie (D:10)
  2 bullfrog simulacra (D:8)
  A centaur simulacrum (Depths:3)
  A worker ant zombie (D:5)
  Robin (D:2)
  12 gnolls
  11 adders
  A naga simulacrum (Depths:3)
  A hound simulacrum (D:8)
  4 shadow imps
  16 white imps
  2 ufetubi
  2 oozes
  An adder skeleton (D:7)
  3 worms
  2 dart slugs
  6 leopard geckos
  129 orcs
  5 giant cockroaches
  17 goblins
  4 hobgoblins (D:3)
  21 jackals
  5 quokkas
  A ball python (D:3)
  6 bats
  7 frilled lizards
  5 kobolds
  A quokka simulacrum (D:8)
  9 rats
  5 crawling corpses
  9 fungi
  7 plants
2507 creatures vanquished.

Vanquished Creatures (collateral kills)
  An ancient lich (Zot:5)
  An orb of fire (Zot:5)
  A tentacled monstrosity (Zot:5)
  A storm dragon (Zot:5)
  A draconian monk (Zot:1)
  A ghost moth (Zot:5)
  A yellow draconian (Zot:5)
  A green draconian (Zot:5)
  A minotaur (Gauntlet)
  A great orb of eyes (Depths:5)
  4 hydras
  An anaconda (Snake:4)
  2 shock serpents (Snake:4)
  A spriggan druid (Swamp:3)
  2 swamp dragons (Swamp:4)
  A mana viper (Snake:4)
  An ugly thing (Depths:1)
  A black mamba (Snake:4)
  A naga mage (Snake:4)
  2 tyrant leeches (Swamp:3)
  2 bog bodies
  A hornet (Swamp:3)
  A spriggan (Swamp:3)
  A wraith (D:14)
  2 vampire mosquitoes (Swamp:3)
  2 nagas (Snake:4)
  3 swamp drakes (Swamp:4)
  2 ogres (Depths:1)
40 creatures vanquished.

Vanquished Creatures (others)
  Vashnia (Snake:2)
  2 deep elf master archers (Elf:3)
  A fire giant (Vaults:4)
  A draconian knight (Zot:4)
  A draconian scorcher (Zot:3)
  A draconian annihilator (Zot:5)
  A draconian stormcaller (Zot:1)
  A black draconian (Zot:2)
  A yaktaur captain (Depths:5)
  4 hydras (Swamp:4)
  An alligator (Swamp:4)
  2 naga sharpshooters (Snake:4)
  A dancing weapon (Elf:3)
  A vampire mage (Depths:1)
  A small abomination (Elf:3)
  4 deep elf archers
  An orc knight (Vaults:4)
  2 deep elf magi (Elf:1)
  A moth of wrath (Zot:3)
  A vault sentinel (Vaults:1)
  3 yaktaurs
  A spectral merfolk (Depths:3)
  2 blink frogs (Swamp:4)
  A yak (IceCv)
  A warg (Depths:3)
  A spectral spriggan (Depths:3)
  2 boggarts
  6 wolves (IceCv)
  4 centaurs (D:14)
  3 orcs
  2 briar patches (Swamp:3)
  26 fungi
  41 plants
  8 toadstools (Swamp:3)
130 creatures vanquished.

Grand Total: 2677 creatures vanquished

Notes
Turn   | Place    | Note
-------+----------+-------------------------------------------
     0 | D:1      | NoTea the Deep Dwarf Fighter began the quest for the Orb.
     0 | D:1      | Reached XP level 1. HP: 20/20 MP: 1/1
   126 | D:1      | Reached XP level 2. HP: 25/27 MP: 2/2
   760 | D:2      | Found a shimmering altar of Xom.
   762 | D:2      | Found a shimmering altar of Xom.
   764 | D:2      | Found a shimmering altar of Xom.
   765 | D:2      | Found a shimmering altar of Xom.
   765 | D:2      | Found a shimmering altar of Xom.
   812 | D:2      | Reached XP level 3. HP: 31/33 MP: 3/3
   857 | D:2      | Noticed Terence
   867 | D:2      | Killed Terence
   867 | D:2      | Reached skill level 5 in Axes
   867 | D:2      | Reached XP level 4. HP: 38/40 MP: 4/4
  1359 | D:2      | Noticed Robin
  1378 | D:2      | Killed Robin
  1719 | D:2      | Reached XP level 5. HP: 41/46 MP: 5/5
  1804 | D:3      | Found a hazy altar of Hepliaklqana.
  2186 | D:3      | Noticed Sigmund
  2310 | D:3      | Noticed Jessica
  2321 | D:3      | Killed Jessica
  2321 | D:3      | Reached XP level 6. HP: 36/55 MP: 6/6
  2451 | D:3      | Found a sparkling altar of Nemelex Xobeh.
  2508 | D:3      | Found an iron altar of Okawaru.
  3294 | D:5      | Entered Level 5 of the Dungeon
  3316 | D:5      | Killed Sigmund
  3316 | D:5      | Reached XP level 7. HP: 53/61 MP: 7/7
  3552 | D:5      | Found Reng's Gadget Emporium.
  3671 | D:5      | Noticed Dowan
  3672 | D:5      | Noticed Duvessa
  3683 | D:5      | Killed Dowan
  3683 | D:5      | Reached skill level 10 in Axes
  3827 | D:5      | Killed Duvessa
  3827 | D:5      | Reached XP level 8. HP: 61/68 MP: 8/8
  4229 | D:5      | Found a sparkling altar of Nemelex Xobeh.
  4429 | D:6      | Reached skill level 4 in Armour
  4513 | D:6      | Reached skill level 5 in Armour
  4516 | D:6      | Reached skill level 5 in Shields
  4543 | D:6      | Found a blossoming altar of Fedhas.
  4800 | D:6      | Found a glowing golden altar of the Shining One.
  5004 | D:7      | Gained mutation: You passively map the area around you.
                  | [Deep Dwarf growth]
  5004 | D:7      | Reached XP level 9. HP: 56/79 MP: 9/9
  5061 | D:7      | Found a staircase to the Ecumenical Temple.
  5071 | Temple   | Entered the Ecumenical Temple
  5217 | Temple   | Became a worshipper of Makhleb the Destroyer
  5296 | D:7      | Reached skill level 1 in Invocations
  5436 | D:7      | Noticed Harold
  5481 | D:6      | Killed Harold
  5481 | D:6      | Reached skill level 5 in Fighting
  5481 | D:6      | Reached skill level 6 in Armour
  5957 | D:7      | Reached skill level 5 in Invocations
  6189 | D:8      | Noticed a polar bear
  6204 | D:8      | Killed a polar bear
  6204 | D:8      | Reached * piety under Makhleb
  6285 | D:8      | Noticed a tengu conjurer
  6288 | D:8      | Noticed a polar bear
  6298 | D:7      | Reached XP level 10. HP: 74/91 MP: 14/14
  6391 | D:8      | Reached skill level 7 in Armour
  6599 | D:8      | Noticed a purple ugly thing
  6631 | D:7      | Killed a purple ugly thing
  6687 | D:8      | Identified the cursed +0 robe of Fuceyfye {rElec MR+ Dex+4}
  6755 | D:8      | Reached ** piety under Makhleb
  6874 | D:8      | Noticed a death yak
  6894 | D:8      | Killed a death yak
  7004 | D:8      | Reached skill level 8 in Armour
  7285 | D:8      | Reached XP level 11. HP: 99/99 MP: 17/17
  7406 | D:8      | Reached skill level 10 in Invocations
  7854 | D:9      | Reached *** piety under Makhleb
  8143 | D:9      | Noticed Joseph
  8163 | D:9      | Killed Joseph
  8338 | D:9      | Noticed a two-headed ogre
  8349 | D:9      | Killed a two-headed ogre
  8657 | D:10     | Entered Level 10 of the Dungeon
  8753 | D:10     | Noticed Sonja
  8757 | D:10     | Killed Sonja
  8904 | D:10     | Killed an unseen horror
  9083 | D:10     | Noticed Erolcha
  9102 | D:10     | Killed Erolcha
  9540 | D:11     | Reached **** piety under Makhleb
  9617 | D:11     | Found a staircase to the Lair.
  9644 | D:11     | Noticed Snorg
  9650 | D:11     | Reached XP level 12. HP: 112/112 MP: 19/19
  9677 | D:11     | Killed Snorg
  9783 | D:11     | Reached ***** piety under Makhleb
 10588 | Lair:1   | Entered Level 1 of the Lair of Beasts
 10706 | Lair:1   | Reached skill level 1 in Evocations
 10738 | Lair:1   | Found a sacrificial altar of Ru.
 10865 | Lair:1   | Got a slimy lead ring
 10911 | Lair:1   | Identified the ring "Etrucw" {Wiz +Inv rF+} (You found it
                  | on level 1 of the Lair of Beasts)
 11016 | Lair:1   | Found a runed translucent door.
 11017 | Lair:1   | Noticed Xaqezoel's ghost (journeyman GnEE)
 11191 | Lair:1   | Killed Xaqezoel's ghost
 11307 | Lair:2   | You fall into a shaft and drop 2 floors!
 11794 | Lair:4   | Reached skill level 5 in Evocations
 12199 | Lair:2   | Reached XP level 13. HP: 121/121 MP: 21/21
 12938 | Lair:3   | Reached skill level 15 in Axes
 13134 | Lair:3   | Found a staircase to the Swamp.
 13596 | Lair:4   | Found a staircase to the Snake Pit.
 14125 | Lair:5   | Reached skill level 10 in Fighting
 14145 | Lair:5   | Reached skill level 1 in Throwing
 14552 | Lair:5   | Found a staircase to the Slime Pits.
 14606 | Lair:5   | Found a runed translucent door.
 15001 | Lair:6   | Entered Level 6 of the Lair of Beasts
 15173 | Lair:6   | Reached ****** piety under Makhleb
 15418 | Lair:6   | Reached skill level 5 in Throwing
 15536 | Lair:6   | Gained mutation: You resist negative energy. (rN+) [Deep
                  | Dwarf growth]
 15536 | Lair:6   | Reached XP level 14. HP: 133/133 MP: 22/22
 16760 | D:12     | Found Qol Kali's General Store.
 16768 | D:12     | Bought a scroll of magic mapping for 49 gold pieces
 16779 | D:12     | Found Vivvudisk's Food Shop.
 16877 | D:12     | Found a frozen archway.
 16900 | IceCv    | Entered an ice cave
 17234 | IceCv    | Reached skill level 10 in Evocations
 17506 | IceCv    | Identified the Guide on Igneous Transmutation
 18026 | D:12     | Found Juub's Jewellery Shoppe.
 18035 | D:12     | Bought the ring of Interdependent Arising {+Fly rF+ Dex+4
                  | Slay+3 SInv} for 850 gold pieces
 18038 | D:12     | You fall into a shaft and drop 2 floors!
 18165 | D:13     | Reached XP level 15. HP: 142/142 MP: 20/20
 18212 | D:13     | Found a gate to the Vaults.
 18316 | D:13     | Found a gate leading to a gauntlet.
 18361 | Gauntlet | Entered a Gauntlet
 18361 | Gauntlet | Found a large runed translucent door.
 18361 | Gauntlet | Found a large runed translucent door.
 18361 | Gauntlet | Found a large runed translucent door.
 18361 | Gauntlet | Found a large runed translucent door.
 18361 | Gauntlet | Found a large runed translucent door.
 18361 | Gauntlet | Found a large runed translucent door.
 18361 | Gauntlet | Found a runed translucent door.
 18361 | Gauntlet | Found a transporter.
 18361 | Gauntlet | Found a transporter.
 18361 | Gauntlet | Found a runed translucent door.
 18361 | Gauntlet | Found a large runed translucent door.
 18361 | Gauntlet | Found a large runed translucent door.
 18361 | Gauntlet | Found a large runed translucent door.
 18361 | Gauntlet | Found a large runed translucent door.
 18361 | Gauntlet | Found a large runed translucent door.
 18361 | Gauntlet | Found a large runed translucent door.
 18365 | Gauntlet | Found a transporter.
 18365 | Gauntlet | Found a transporter.
 18381 | Gauntlet | Found a transporter.
 18385 | Gauntlet | Found a transporter.
 18385 | Gauntlet | Found a transporter.
 18409 | Gauntlet | Found a transporter.
 18416 | Gauntlet | Found a transporter.
 18434 | Gauntlet | Found a transporter.
 18453 | Gauntlet | Found a large runed translucent door.
 18454 | Gauntlet | Found a large runed translucent door.
 18456 | Gauntlet | Found a runed translucent gate.
 18457 | Gauntlet | Found a runed translucent gate.
 18458 | Gauntlet | Found a transporter.
 18458 | Gauntlet | Found a runed translucent gate.
 18480 | Gauntlet | Found a transporter.
 18526 | Gauntlet | Found a transporter.
 18540 | Gauntlet | Found a transporter.
 18623 | Gauntlet | Found a large runed translucent door.
 18623 | Gauntlet | Found a large runed translucent door.
 18642 | Gauntlet | Found a transporter.
 18663 | Gauntlet | Found a transporter.
 18991 | Gauntlet | Got a pair of spiked boots
 18992 | Gauntlet | Identified the +2 pair of boots "Goonal" {rF+} (You found
                  | it in a Gauntlet)
 19115 | Gauntlet | Got a slimy hat
 19122 | Gauntlet | Identified the cursed -2 hat of Serendipity {Dex+6} (You
                  | found it in a Gauntlet)
 19350 | Gauntlet | Identified the ring "Nelae" {rPois MP+9 Dex+5}
 19536 | D:13     | Found a basalt altar of Yredelemnul.
 20363 | D:14     | You fall into a shaft and drop 1 floor!
 20363 | D:15     | Entered Level 15 of the Dungeon
 20594 | D:15     | Found Jamudif's Assorted Antiques.
 21140 | D:14     | Found a blossoming altar of Fedhas.
 21516 | D:15     | Reached skill level 10 in Throwing
 21648 | D:15     | Found a shadowy altar of Dithmenos.
 21832 | D:15     | Found a staircase to the Depths.
 21999 | D:12     | Found Puferacvenn's Distillery.
 22003 | D:12     | Found Zopeucam's General Store.
 22007 | D:12     | Bought a potion of berserk rage for 85 gold pieces
 22007 | D:12     | Bought a potion of haste for 170 gold pieces
 22199 | D:12     | Found a staircase to the Orcish Mines.
 22286 | D:12     | Reached skill level 9 in Armour
 22679 | Orc:1    | Entered Level 1 of the Orcish Mines
 22743 | Orc:1    | You fall into a shaft and drop 1 floor!
 22743 | Orc:2    | Entered Level 2 of the Orcish Mines
 22824 | Orc:1    | Noticed Gastronok
 22837 | Orc:1    | Killed Gastronok
 23203 | Orc:2    | Found a staircase to the Elven Halls.
 23901 | Orc:2    | Found Kerumuin's Weapon Boutique.
 23925 | Orc:2    | Reached XP level 16. HP: 153/153 MP: 20/20
 23959 | Orc:2    | Found a bloodstained altar of Trog.
 24644 | Orc:2    | Found a roughly hewn altar of Beogh.
 24697 | Orc:2    | Found Siniocwul's Antique Armour Boutique.
 24705 | Orc:2    | Found Fuhuda's General Store.
 24770 | Orc:2    | Found Wepi Joiteob's Jewellery Boutique.
 24786 | Orc:2    | Found Ygaegos's Antique Weapon Boutique.
 24824 | Orc:2    | Bought the ring of the Mage {Wiz MR++ Int+3} for 672 gold
                  | pieces
 24824 | Orc:2    | Found the ring of the Mage {Wiz MR++ Int+3}
 25015 | Swamp:1  | Entered Level 1 of the Swamp
 25396 | Swamp:1  | Reached skill level 10 in Armour
 25396 | Swamp:1  | Reached skill level 10 in Shields
 26487 | Swamp:3  | Noticed a thorn hunter
 26509 | Swamp:3  | Killed a thorn hunter
 26695 | Swamp:3  | Noticed a thorn hunter
 26708 | Swamp:3  | Killed a thorn hunter
 27120 | Swamp:4  | Entered Level 4 of the Swamp
 27120 | Swamp:4  | Noticed a thorn hunter
 27136 | Swamp:3  | Killed a thorn hunter
 27228 | Swamp:4  | Reached skill level 11 in Armour
 27240 | Swamp:4  | Reached skill level 1 in Dodging
 27266 | Swamp:4  | Reached XP level 17. HP: 163/163 MP: 21/21
 27359 | Swamp:4  | Got a decaying rune of Zot
 27416 | Swamp:4  | Got a transparent pewter ring
 27417 | Swamp:4  | Identified the ring of Wuxiji {Fire Str+2} (You found it on
                  | level 4 of the Swamp)
 27771 | Swamp:4  | Got a bloodstained leather armour
 27772 | Swamp:4  | Identified the cursed +0 leather armour of the Barnacle
                  | {rC++ Int+2} (You found it on level 4 of the Swamp)
 28153 | Snake:1  | Entered Level 1 of the Snake Pit
 28242 | Snake:1  | Reached skill level 5 in Dodging
 28851 | Snake:2  | Noticed Aizul
 28926 | Snake:2  | Killed Aizul
 28989 | Snake:2  | Reached skill level 15 in Invocations
 29035 | Snake:2  | Noticed Vashnia
 29098 | Snake:2  | Reached skill level 12 in Armour
 29107 | Snake:2  | Killed Vashnia
 29156 | Snake:2  | Noticed Nikola
 29172 | Snake:2  | Killed Nikola
 30424 | Snake:3  | Noticed Saint Roka
 30467 | Snake:3  | Gained mutation: You passively map a large area around you.
                  | [Deep Dwarf growth]
 30467 | Snake:3  | Reached XP level 18. HP: 162/174 MP: 23/23
 30480 | Snake:3  | Killed Saint Roka
 31038 | Snake:3  | Found Ymol's Gadget Emporium.
 31038 | Snake:3  | Found Coguelib's Jewellery Shop.
 31039 | Snake:3  | Found Tosypp's Jewellery Shop.
 31168 | Snake:3  | Bought the ring of Qugouph {rElec rCorr} for 544 gold
                  | pieces
 31202 | Snake:4  | Entered Level 4 of the Snake Pit
 31216 | Snake:4  | Noticed Bai Suzhen
 31245 | Snake:4  | Killed Bai Suzhen
 31268 | Snake:4  | Reached skill level 10 in Dodging
 31681 | Snake:4  | Reached skill level 13 in Armour
 32348 | Snake:4  | Got a serpentine rune of Zot
 32675 | Vaults:1 | Entered Level 1 of the Vaults
 32905 | Vaults:1 | Reached skill level 15 in Shields
 33258 | Vaults:1 | Reached XP level 19. HP: 183/183 MP: 23/23
 33720 | Vaults:1 | Reached skill level 14 in Armour
 34198 | Vaults:2 | Reached skill level 15 in Fighting
 35838 | Vaults:3 | Reached XP level 20. HP: 196/196 MP: 24/24
 36002 | Vaults:3 | Reached skill level 15 in Armour
 36072 | Vaults:3 | Got a fine buckler
 36403 | Vaults:3 | Found a staircase to the Crypt.
 37026 | Vaults:4 | Got an ichor-stained buckler
 37068 | Vaults:4 | Identified the +2 buckler of Compression {rF+ MR+ Int+3}
                  | (You found it on level 3 of the Vaults)
 37069 | Vaults:4 | Identified the +3 buckler of Hypythrile {Str+2 Dex+3} (You
                  | found it on level 4 of the Vaults)
 37460 | Vaults:4 | Reached skill level 15 in Dodging
 37628 | Vaults:4 | Noticed Donald
 37641 | Vaults:4 | Killed Donald
 38615 | Elf:1    | Entered Level 1 of the Elven Halls
 38625 | Elf:1    | Reached XP level 21. HP: 208/208 MP: 26/26
 38975 | Elf:1    | Found Giphixal's Distillery.
 38980 | Elf:1    | Bought a potion of heal wounds for 60 gold pieces
 38980 | Elf:1    | Bought a potion of haste for 120 gold pieces
 39087 | Elf:1    | Reached skill level 16 in Armour
 39174 | Elf:1    | You fall into a shaft and drop 1 floor!
 39365 | Elf:2    | Found a runed translucent gate.
 39365 | Elf:2    | Found a runed translucent gate.
 39366 | Elf:2    | Found a runed translucent gate.
 40250 | Elf:2    | Found Jaojewy's Weapon Shoppe.
 40267 | Elf:2    | Found Gorheoja's General Store.
 40288 | Elf:2    | Identified 3 scrolls of acquirement
 40290 | Elf:2    | Found Imyxikol's Jewellery Shop.
 40340 | Elf:2    | Found a radiant altar of Vehumet.
 40651 | Elf:3    | Entered Level 3 of the Elven Halls
 40651 | Elf:3    | Found Oputud's Jewellery Boutique.
 40707 | Elf:3    | Bought a +5 amulet of reflection for 659 gold pieces
 40775 | Elf:3    | Found Wothryid's General Store.
 40820 | Elf:3    | Bought a scroll of enchant weapon for 135 gold pieces
 40861 | Elf:3    | Found Paufet's Assorted Antiques.
 40876 | Elf:3    | Found a huge runed gate.
 40876 | Elf:3    | Found a huge runed gate.
 40876 | Elf:3    | Found a huge runed gate.
 40876 | Elf:3    | Found a huge runed gate.
 40878 | Elf:3    | Found a huge runed gate.
 40878 | Elf:3    | Found Foadil's Weapon Shoppe.
 40879 | Elf:3    | Found a huge runed gate.
 40880 | Elf:3    | Found a huge runed gate.
 40893 | Elf:3    | Found a huge runed gate.
 40894 | Elf:3    | Found a huge runed gate.
 40895 | Elf:3    | Found a huge runed gate.
 40896 | Elf:3    | Found a huge runed gate.
 40911 | Elf:3    | Found a huge runed gate.
 40912 | Elf:3    | Found a huge runed gate.
 40912 | Elf:3    | Found a huge runed gate.
 40912 | Elf:3    | Found a huge runed gate.
 40913 | Elf:3    | Found a huge runed gate.
 40913 | Elf:3    | Found a huge runed gate.
 40913 | Elf:3    | Found a huge runed gate.
 40914 | Elf:3    | Found a huge runed gate.
 40915 | Elf:3    | Found a huge runed gate.
 40916 | Elf:3    | Found a huge runed gate.
 40961 | Elf:3    | Found Toep's Weapon Boutique.
 40963 | Elf:3    | Found Sanuewag's Assorted Antiques.
 41054 | Elf:3    | Found a shimmering blue altar of Sif Muna.
 41165 | Elf:3    | Found a huge runed gate.
 41165 | Elf:3    | Found a huge runed gate.
 41166 | Elf:3    | Found a huge runed gate.
 41410 | Elf:3    | Gained mutation: Armour fits poorly on your strangely
                  | shaped body. [a cacodemon]
 41583 | Elf:3    | Reached XP level 22. HP: 222/222 MP: 28/28
 41712 | Elf:3    | Reached skill level 17 in Armour
 42006 | Elf:3    | Identified the ring "Athrasm" {rF+ rN+ Str+2 Dex+2 Stlth-}
 42117 | Elf:3    | Identified the Guide on Heat
 42123 | Elf:3    | Identified the amulet "Duudacef" {Regen+ Str+4} (You found
                  | it on level 3 of the Elven Halls)
 42171 | Elf:3    | Identified the cursed +0 plate armour of Eskehare {rCorr}
                  | (You found it on level 3 of the Elven Halls)
 42309 | Elf:3    | Identified the +2 chain mail of the Loofah {rElec MP+9
                  | Str+6 Dex-2} (You found it on level 3 of the Elven Halls)
 42397 | Elf:3    | Bought a dazzling plate armour for 840 gold pieces
 42397 | Elf:3    | Identified the cursed +1 plate armour of Doluej {Str-3
                  | Int+4} (You bought it in a shop on level 3 of the Elven
                  | Halls)
 43155 | Depths:1 | Entered Level 1 of the Depths
 43260 | Depths:1 | Noticed the Enchantress
 43398 | Depths:1 | Killed the Enchantress
 43515 | Depths:1 | Found a shimmering blue altar of Sif Muna.
 43780 | Depths:1 | Found a gateway to Hell.
 44353 | D:11     | Learned a level 2 spell: Passwall
 44496 | Depths:1 | Found a one-way gate to the infinite horrors of the Abyss.
 44499 | Depths:1 | You fall into a shaft and drop 1 floor!
 44562 | Depths:2 | Reached skill level 1 in Earth Magic
 44648 | Depths:2 | Noticed a golden dragon
 44663 | Depths:2 | Killed a golden dragon
 44665 | Depths:2 | Reached XP level 23. HP: 232/232 MP: 27/27
 44772 | Depths:1 | Reached skill level 1 in Transmutations
 45486 | Depths:2 | Got a fine chain mail
 45620 | Depths:2 | Got a blackened hat
 45621 | Depths:2 | Identified the +2 hat of Monotheism {Regen+ Int+2} (You
                  | acquired it on level 2 of the Depths)
 45646 | Depths:2 | Got an encrusted crystal plate armour
 45647 | Depths:2 | Identified the +8 crystal plate armour of Muynwec {*Contam
                  | rF+ rC- Int+7 Dex+8} (You acquired it on level 2 of the
                  | Depths)
 45663 | Depths:3 | Reached skill level 18 in Armour
 45986 | Depths:3 | Noticed an ancient lich
 46003 | Depths:3 | Killed an ancient lich
 46081 | Depths:3 | Reached skill level 5 in Earth Magic
 46237 | Depths:3 | Found a gateway to a ziggurat.
 46460 | Depths:3 | Reached skill level 1 in Spellcasting
 46625 | Depths:3 | Found a one-way gate leading to the halls of Pandemonium.
 46667 | Depths:3 | Paralysed by a floating eye for 4 turns
 46978 | Depths:3 | Found the cursed +13 scythe of Curses {drain, *Curse}
 47013 | Depths:3 | Got a flickering lapis lazuli ring
 47014 | Depths:3 | Identified Lita's Tome of Burning Aid
 47032 | Depths:3 | Reached XP level 24. HP: 216/244 MP: 28/28
 47729 | D:12     | Bought a scroll of identify for 28 gold pieces
 47729 | D:12     | Bought a potion of heal wounds for 70 gold pieces
 47786 | Orc:2    | Bought a scroll of identify for 24 gold pieces
 47919 | Elf:3    | Bought a scroll of identify for 90 gold pieces
 47919 | Elf:3    | Identified the ring of Ferishrae {MR+ Str+4 Int+4 Dex-4
                  | Stlth+} (You found it on level 3 of the Depths)
 48286 | Depths:4 | Found a shattered altar of Ashenzari.
 48345 | Depths:4 | Found Yraupheo's Antique Armour Boutique.
 48345 | Depths:4 | Found Hihucs's Weapon Shop.
 48346 | Depths:4 | Found Qidwuhin's Jewellery Shop.
 48348 | Depths:4 | Found Nugrecsa's General Store.
 48390 | Depths:4 | Bought a scroll of identify for 42 gold pieces
 48397 | Depths:4 | Found Rata's Demolitions Depot.
 48412 | Depths:4 | Noticed a juggernaut
 48419 | Depths:4 | Paralysed by a floating eye for 4 turns
 48430 | Depths:4 | Killed a juggernaut
 48550 | Depths:4 | Reached skill level 19 in Armour
 48836 | Depths:4 | Reached XP level 25. HP: 134/254 MP: 28/28
 49148 | Depths:5 | Entered Level 5 of the Depths
 49152 | Depths:5 | Noticed Boris
 49175 | Depths:5 | Killed Boris
 49832 | Depths:5 | Found a hide-covered altar of Uskayaw.
 49833 | Depths:5 | Paralysed by a floating eye for 3 turns
 50166 | Depths:5 | Found a gate to the Realm of Zot.
 50315 | Depths:5 | Found Enutulatt's Antique Armour Boutique.
 50323 | Depths:5 | Bought a scorched plate armour for 644 gold pieces
 50323 | Depths:5 | Identified the +4 plate armour "Kigga" {rPois} (You bought
                  | it in a shop on level 5 of the Depths)
 50327 | Depths:5 | Bought a smoking plate armour for 644 gold pieces
 50327 | Depths:5 | Identified the cursed +0 plate armour of the Stars {rF+}
                  | (You bought it in a shop on level 5 of the Depths)
 50407 | Depths:4 | Bought a scroll of immolation for 63 gold pieces
 50950 | Vaults:5 | Entered Level 5 of the Vaults
 51217 | Vaults:5 | Noticed Boris
 51223 | Vaults:5 | Killed Boris
 51641 | Vaults:5 | Reached skill level 20 in Armour
 51745 | Vaults:5 | Reached skill level 15 in Evocations
 51843 | Vaults:5 | Reached XP level 26. HP: 264/264 MP: 27/27
 52402 | Vaults:5 | Got a serpentine golden amulet
 52403 | Vaults:5 | Identified the amulet "Qilame Ixoe" {Inacc rPois Str+3
                  | Dex+2} (You found it on level 5 of the Vaults)
 52419 | Vaults:5 | Got a crude helmet
 52420 | Vaults:5 | Identified the +0 helmet of Inviolability {+Blink rF+ Str+2
                  | Int+4} (You acquired it on level 5 of the Vaults)
 52480 | Vaults:5 | Got a silver rune of Zot
 52507 | Vaults:5 | Learned a level 1 spell: Summon Butterflies
 53272 | Zot:1    | Entered Level 1 of the Realm of Zot
 53291 | Depths:5 | Reached skill level 1 in Summonings
 54039 | Zot:2    | Lost mutation: Armour fits poorly on your strangely shaped
                  | body. [the power of Zot]
 54174 | Zot:2    | Reached skill level 21 in Armour
 54773 | Zot:3    | Reached skill level 5 in Summonings
 54803 | Zot:3    | Reached XP level 27. HP: 274/274 MP: 23/23
 55093 | Zot:3    | You fall into a shaft and drop 1 floor!
 55347 | Zot:3    | Found a large runed translucent door.
 55348 | Zot:3    | Found a large runed translucent door.
 55350 | Zot:3    | Noticed Ris Kia's ghost (legendary MiFi)
 55975 | Zot:4    | Reached skill level 22 in Armour
 57636 | Elf:2    | Bought a potion of mutation for 144 gold pieces
 57675 | Elf:3    | Bought a potion of haste for 300 gold pieces
 57955 | D:5      | Bought a phantom mirror for 390 gold pieces
 58217 | Depths:4 | Bought an encrusted plate armour for 924 gold pieces
 58217 | Depths:4 | Identified the +7 plate armour of Indecent Exposure {*Slow
                  | rC+ rCorr Str+9} (You bought it in a shop on level 4 of the
                  | Depths)
 58398 | Elf:2    | Bought the +7 whip of Massacring {slash, -Tele +Inv Str-3
                  | Dex+9} for 1074 gold pieces
 58873 | Zot:5    | Entered Level 5 of the Realm of Zot
 59142 | Zot:5    | Noticed an orb of fire
 59157 | Zot:5    | Gained mutation: You tend to lose your temper in combat.
                  | [an orb of fire]
 59161 | Zot:5    | Killed an orb of fire
 59180 | Zot:5    | Lost mutation: You tend to lose your temper in combat.
                  | [potion of mutation]
 59180 | Zot:5    | Gained mutation: You have large cloven feet. [potion of
                  | mutation]
 59180 | Zot:5    | Gained mutation: You have a pair of small antennae on your
                  | head. [potion of mutation]
 59180 | Zot:5    | Gained mutation: You are partially covered in thin metallic
                  | scales. (AC +2) [potion of mutation]
 59180 | Zot:5    | Gained mutation: Your spells are a little harder to cast,
                  | but a little more powerful. [potion of mutation]
 59181 | Zot:5    | Lost mutation: You have large cloven feet. [potion of
                  | mutation]
 59181 | Zot:5    | Lost mutation: You have a pair of small antennae on your
                  | head. [potion of mutation]
 59181 | Zot:5    | Gained mutation: You are occasionally teleported next to
                  | monsters. [potion of mutation]
 59181 | Zot:5    | Gained mutation: You are partially covered in slimy green
                  | scales. (AC +2) [potion of mutation]
 59181 | Zot:5    | Gained mutation: You are robust. (+10% HP) [potion of
                  | mutation]
 59181 | Zot:5    | Gained mutation: Your spells are harder to cast, but more
                  | powerful. [potion of mutation]
 59182 | Zot:5    | Lost mutation: You are partially covered in slimy green
                  | scales. (AC +2) [potion of mutation]
 59182 | Zot:5    | Lost mutation: You are occasionally teleported next to
                  | monsters. [potion of mutation]
 59182 | Zot:5    | Lost mutation: You are robust. (+10% HP) [potion of
                  | mutation]
 59182 | Zot:5    | Gained mutation: You are partially covered in icy blue
                  | scales. (AC +2) [potion of mutation]
 59182 | Zot:5    | Gained mutation: You are frail. (-10% HP) [potion of
                  | mutation]
 59182 | Zot:5    | Gained mutation: You have sharp toenails. [potion of
                  | mutation]
 60063 | Zot:5    | Noticed an orb of fire
 60090 | Zot:5    | Gained mutation: You occasionally shout uncontrollably at
                  | your foes. [an orb of fire]
 60091 | Zot:5    | Killed an orb of fire
 60108 | Zot:5    | Noticed an ancient lich
 60130 | Zot:5    | Killed an ancient lich
 60611 | Zot:5    | Noticed an ancient lich
 60650 | Zot:5    | Killed an ancient lich
 60991 | Zot:5    | Noticed an orb of fire
 61009 | Zot:5    | Gained mutation: Your body sometimes deteriorates upon
                  | taking damage. [an orb of fire]
 61017 | Zot:5    | Killed an orb of fire
 61081 | Zot:5    | Noticed an orb of fire
 61088 | Zot:5    | Gained mutation: Your body often deteriorates upon taking
                  | damage. [an orb of fire]
 61483 | Zot:5    | Noticed an orb of fire
 61502 | Zot:5    | Killed an orb of fire
 61518 | Zot:5    | Noticed an orb of fire
 61532 | Zot:5    | Noticed an ancient lich
 61541 | Zot:5    | Killed an orb of fire
 61551 | Zot:5    | Killed an ancient lich
 61555 | Zot:5    | Noticed an orb of fire
 61557 | Zot:5    | Noticed an ancient lich
 61560 | Zot:5    | Noticed an orb of fire
 61568 | Zot:5    | Gained mutation: Your magical capacity is low. (-10% MP)
                  | [an orb of fire]
 61599 | Zot:5    | Killed an orb of fire
 61614 | Zot:5    | Gained mutation: Potions are less effective at restoring
                  | your health. [an orb of fire]
 61618 | Zot:5    | Killed an orb of fire
 61632 | Zot:5    | Killed an ancient lich
 61751 | Zot:5    | Lost mutation: You are frail. (-10% HP) [potion of
                  | mutation]
 61751 | Zot:5    | Lost mutation: Your magical capacity is low. (-10% MP)
                  | [potion of mutation]
 61751 | Zot:5    | Lost mutation: Your body often deteriorates upon taking
                  | damage. [potion of mutation]
 61751 | Zot:5    | Gained mutation: You expend magic power (3 MP) to
                  | strengthen your wands. [potion of mutation]
 62132 | Zot:5    | Gained mutation: You are frail. (-10% HP) [an orb of fire]
 62182 | Zot:5    | Gained mutation: You are dopey. (Int -2) [an orb of fire]
 62186 | Zot:5    | Gained mutation: You are occasionally teleported next to
                  | monsters. [an orb of fire]
 62190 | Zot:5    | Killed an orb of fire
 62190 | Zot:5    | Reached skill level 5 in Transmutations
 62191 | Zot:5    | Lost mutation: Your body sometimes deteriorates upon taking
                  | damage. [potion of mutation]
 62191 | Zot:5    | Lost mutation: You expend magic power (3 MP) to strengthen
                  | your wands. [potion of mutation]
 62191 | Zot:5    | Lost mutation: You are frail. (-10% HP) [potion of
                  | mutation]
 62191 | Zot:5    | Gained mutation: You have razor-sharp toenails. [potion of
                  | mutation]
 62191 | Zot:5    | Gained mutation: You have sharp fingernails. [potion of
                  | mutation]
 62192 | Zot:5    | Lost mutation: Your spells are harder to cast, but more
                  | powerful. [potion of mutation]
 62192 | Zot:5    | Lost mutation: You are partially covered in icy blue
                  | scales. (AC +2) [potion of mutation]
 62192 | Zot:5    | Lost mutation: You are dopey. (Int -2) [potion of mutation]
 62192 | Zot:5    | Gained mutation: You are clumsy. (Dex -2) [potion of
                  | mutation]
 62192 | Zot:5    | Gained mutation: You possess an exceptional clarity of
                  | mind. [potion of mutation]
 62192 | Zot:5    | Gained mutation: You are robust. (+10% HP) [potion of
                  | mutation]
 62197 | Zot:5    | Lost mutation: You are clumsy. (Dex -2) [potion of
                  | mutation]
 62197 | Zot:5    | Lost mutation: Your spells are a little harder to cast, but
                  | a little more powerful. [potion of mutation]
 62197 | Zot:5    | Lost mutation: Potions are less effective at restoring your
                  | health. [potion of mutation]
 62197 | Zot:5    | Gained mutation: You are resistant to electric shocks.
                  | (rElec) [potion of mutation]
 62198 | Zot:5    | Lost mutation: You possess an exceptional clarity of mind.
                  | [potion of mutation]
 62198 | Zot:5    | Lost mutation: You have razor-sharp toenails. [potion of
                  | mutation]
 62198 | Zot:5    | Gained mutation: You have very sharp fingernails. [potion
                  | of mutation]
 62198 | Zot:5    | Gained mutation: You are resistant to hostile enchantments.
                  | (MR+) [potion of mutation]
 62199 | Zot:5    | Lost mutation: You are partially covered in thin metallic
                  | scales. (AC +2) [potion of mutation]
 62199 | Zot:5    | Lost mutation: You are robust. (+10% HP) [potion of
                  | mutation]
 62199 | Zot:5    | Lost mutation: You are occasionally teleported next to
                  | monsters. [potion of mutation]
 62199 | Zot:5    | Gained mutation: Your magical capacity is low. (-10% MP)
                  | [potion of mutation]
 62199 | Zot:5    | Lost mutation: You occasionally shout uncontrollably at
                  | your foes. [potion of mutation]
 62199 | Zot:5    | Lost mutation: You are resistant to electric shocks.
                  | (rElec) [potion of mutation]
 62199 | Zot:5    | Gained mutation: You are covered in fur. (AC +1) [potion of
                  | mutation]
 62261 | Zot:5    | Noticed an orb of fire
 62348 | Zot:5    | Gained mutation: Armour fits poorly on your strangely
                  | shaped body. [an orb of fire]
 62356 | Zot:5    | Gained mutation: You are frail. (-10% HP) [an orb of fire]
 62357 | Zot:5    | Killed an orb of fire
 62520 | Zot:5    | Reached skill level 23 in Armour
 63014 | Zot:5    | Noticed an orb of fire
 63019 | Zot:5    | Gained mutation: You are very frail. (-20% HP) [an orb of
                  | fire]
 63055 | Zot:5    | Killed an orb of fire
 63055 | Zot:5    | Reached skill level 10 in Earth Magic
 63315 | D:12     | Bought 2 potions of mutation for 272 gold pieces
 64351 | Zot:5    | Got the Orb of Zot
 64678 | D:10     | Noticed Poggaluv the pandemonium lord
 64772 | D:6      | Noticed a seraph
 64892 | D:$      | Escaped with the Orb!

Levels and vault maps discovered:
D:1:      saegor_arrival_simple_b, layout_rooms
D:2:      layout_loops_corners, xom_redecorated, first_ration, serial_rivers,
          chequers_serial_rivers_small_b, chequers_serial_rivers_micro_d,
          chequers_serial_rivers_micro_b, chequers_serial_rivers_large_b,
          minmay_misc_feat_room, uniq_robin, uniq_terence
D:3:      layout_basic, kennysheep_okawaru_gauntlet, overflow_temple_1_default,
          grunt_ministairs_9, minmay_misc_feat_pillars,
          nemelex_xobeh_ov_fountains_minmay, uniq_sigmund, uniq_jessica
D:4:      layout_cave_pools, st_stairs_9
D:5:      layout_cave_pools, serial_shops, kennysheep_little_box,
          dk_noncrumbling_3, nemelex_lonely_heart_becter, uniq_duvessa
D:6:      layout_basic, nicolae_overflow_crystal_walls, lemuel_round_altar
D:7:      layout_basic, minmay_temple_entry_grid, grunt_tough_drop, uniq_harold
D:8:      minmay_the_grid_octo_2x2 [minmay_the_grid_octo_teeth,
          minmay_the_grid_octo_horde, minmay_the_grid_octo_chip,
          minmay_the_grid_octo_prize_star], layout_loops_ring, serial_ice,
          serial_ice_b, serial_ice_m, serial_ice_a, serial_ice_o, serial_ice_d,
          serial_ice_j, serial_ice_n, serial_ice_e, serial_ice_h, serial_ice_c,
          blue_anna_alchemist [blue_anna_fruit_fields, blue_anna_fruit_fields]
D:9:      layout_stronghold, serial_column_ruins, column_ruins_square_medium,
          column_ruins_open_small, column_ruins_grid_2, column_ruins_grid_4,
          column_ruins_open_small, column_ruins_open_tiny, uniq_joseph
D:10:     layout_basic, minmay_chambers_of_fives, uniq_sonja, uniq_erolcha
D:11:     layout_stronghold, minmay_lair_entry_grove, uniq_snorg
D:12:     minmay_connected_boxes_in_corner, layout_irregular_city,
          david_orc_1_choice, serial_shops, nicolae_shop_statue_plus,
          nicolae_shop_trees, shop, shop_coins, nicolae_shop_trees,
          portal_ice_cave_entry_imps, kennysheep_another_room
D:13:     layout_basic, hangedman_vaults_entry_quadrant_bands,
          gauntlet_entry_generic, yredelemnul_altar_generic
D:14:     layout_cross, serial_rivers, chequers_serial_rivers_micro_d,
          chequers_serial_rivers_small_b, chequers_serial_rivers_small_3,
          chequers_serial_rivers_small_3, chequers_serial_rivers_micro_b,
          chequers_serial_rivers_micro_e, hangedman_tree_tricks
D:15:     grunt_enter_depths_hoard, layout_loops_corners, basic_altar,
          serial_shops, shop
Temple:   minmay_crystal_spiral_temple
Lair:1:   layout_gridlike, gammafunk_ghost_grave, basic_altar
Lair:2:   layout_hall_layers, patterned_corridor, infiniplex_staircase_pool_2
Lair:3:   layout_regular_city, skrybe_swamp_entry_bodies,
          small_statue_intersection, grunt_megastairs_5, serial_bayou_shore_b
Lair:4:   layout_layer_cave, dummy_snake_entry
Lair:5:   layout_gridlike, slime_dummy, pf_torpor_hydra,
          minmay_lair_oklob_chamber
Lair:6:   due_jungle_book, layout_loops_ring
Swamp:1:  layout_basic_swamp, nicolae_swamp_fairy_circle
Swamp:2:  layout_basic_swamp, hangedman_swamp_pad, swamp_pool1
Swamp:3:  cheibrodos_swamp_tower_of_moss, layout_basic_swamp,
          evilmike_swamp_ruin_rubble_2
Swamp:4:  grunt_swamp_rune_castle, layout_basic_swamp
Snake:1:  layout_onion_interference, nicolae_snake_single_loop
Snake:2:  nicolae_snakescales, layout_basic, uniq_aizul, uniq_vashnia,
          uniq_nikola
Snake:3:  layout_cave_shapes, minmay_shop_grove, lemuel_fruit_tree,
          grunt_megastairs_2, uniq_saint_roka
Snake:4:  snake_pit, layout_rooms, uniq_bai_suzhen
Orc:1:    layout_caves, uniq_gastronok
Orc:2:    grunt_orc_cross, layout_diamond_mine, serial_shops,
          nicolae_shop_stone, lemuel_statue_altar
Elf:1:    eino_elf_arrival_shootout, layout_geoelf_grid, serial_shops, shop,
          hangedman_elf_represent, grunt_ministairs_7
Elf:2:    layout_geoelf_octagon, serial_shops, shop_statue, shop,
          nicolae_shop_crystal, basic_altar
Elf:3:    elf_hall, layout_gridlike, basic_altar, serial_shops,
          nicolae_shop_behind_doors, shop, shop, nicolae_shop_crystal,
          nicolae_shop_waterfront, minmay_shop_enchanted_jewellery, door_vault
Vaults:1: v_misc_15, nicolae_vaults_murderbox, vaults_mumra_hexcomb,
          nicolae_vaults_network_square, vaults_dpeg_doors, v_pattern_3,
          hangedman_vaults_cutoff, vaults_standard_mumra_x,
          vaults_mumra_chevron_long, nicolae_vaults_network_quinsquares
          [nicolae_vaults_network_quincunx_subvault,
          nicolae_vaults_network_quincunx_subvault,
          nicolae_vaults_network_quincunx_subvault,
          nicolae_vaults_network_quincunx_subvault], grunt_vaults_hallway_long,
          ontoclasm_vaults_pinch, hangedman_vaults_impose,
          hangedman_vaults_impose, layout_vaults_omnibox
Vaults:2: nicolae_vaults_asterisk, serial_ice_h, v_misc_5,
          nicolae_vaults_shelves_hall, vaults_room_door_ring,
          hangedman_vaults_slice, nicolae_vaults_gold_heap, v_misc_3,
          vaults_dpeg_diagonal, v_misc_14, vaults_dpeg_ring,
          hangedman_vaults_nodes, nicolae_vaults_what_the_h,
          layout_vaults_omnicross
Vaults:3: vaults_mumra_bighexcomb, hangedman_vaults_slice,
          hangedman_vaults_nails, v_misc_17, minmay_crypt_entry_simple_box,
          vaults_room_fours, nicolae_vaults_diagonal_hallway_7,
          nicolae_vaults_three_branches, dpeg_vaults_monster_box,
          grunt_vaults_focal, layout_vaults_omnigrid
Vaults:4: nicolae_vaults_little_squares_3, v_misc_28, ontoclasm_vaults_tryst,
          hangedman_vaults_locks, vaults_room_door_hall, grunt_vaults_diagonal,
          nicolae_vaults_alarming, nicolae_vaults_circle_grid_a,
          vaults_mumra_chevron, nicolae_vaults_big_ls, v_misc_12,
          nicolae_vaults_theta, ontoclasm_vaults_idyll, vaults_room_pools,
          layout_vaults_maze_bifur, uniq_donald
Vaults:5
Depths:1: layout_small_grid, grunt_mini_vestibule, old_standard_altar,
          abyss_entry, chequers_serial_rivers_micro_a, grunt_ministairs_13,
          minmay_misc_feat_rugged, onia_ninara_cookie, uniq_enchantress
Depths:2: minmay_bad_star, layout_cave_shapes, nicolae_water_bricks,
          abyss_entry, pf_coc_iceberg, infiniplex_staircase_pillars_1
Depths:3: lemuel_river_lethe, hell_entry, pan_entry
Depths:4: hangedman_screamer, layout_cave_shapes, ashenzari_altar_1,
          abyss_entry, hell_entry, nicolae_blasting_shop, serial_bayou_shore_a,
          minmay_shoptagon
Depths:5: grunt_bruiser_brothers, layout_basic, hell_entry,
          kennysheep_flooded_box, special_room [special_room_mythical_zoo],
          pan_entry, serial_shops, shop, uniq_boris
Zot:1:    layout_onion_interference
Zot:2:    layout_misc_corridors, st_stairs_12, lemuel_elevator
Zot:3:    layout_twisted_circle, ebering_ghost_disaster_area,
          grunt_ministairs_4, lemuel_elevator
Zot:4:    layout_gridlike
Zot:5:    layout_misc_corridors, st_stairs_10, grunt_ministairs_9

Skill      XL: |  1  2  3  4  5  6  7  8  9 10 11 12 13 14 15 16 17 18 19 20 21 22 23 24 25 26 27 |
---------------+----------------------------------------------------------------------------------+-----
Axes           | 3 5 7 8 10 12 14 16 17 18 19 | 19.0
Fighting       | 4 5 6 8 9 10 11 12 13 14 15 17 18 19 20 21 22 | 22.7
Armour         | 5 6 8 9 11 12 13 14 15 16 17 18 19 20 21 23 | 23.2
Shields        | 5 6 8 9 11 12 15 17 18 19 | 19.6
Invocations    | 6 9 11 12 14 15 17 18 19 20 21 | 21.0
Evocations     | 5 8 11 12 15 16 17 | 17.6
Throwing       | 5 8 10 12 | 12.5
Dodging        | 2 8 12 14 15 16 17 20 | 20.4
Earth Magic    | 3 7 10 | 10.1
Transmutations | 3 5 |  5.7
Spellcasting   | 2 |  2.0
Summonings     | 5 |  5.0

Action                   |  1- 3 |  4- 6 |  7- 9 | 10-12 | 13-15 | 16-18 | 19-21 | 22-24 | 25-27 || total
-------------------------+-------+-------+-------+-------+-------+-------+-------+-------+-------++-------
Melee: War axe           |   116 |   173 |   336 |   101 |       |       |       |       |       ||   726
       Broad axe         |       |       |       |   834 |  1577 |  1740 |  1879 |  1351 |  2217 ||  9598
 Fire: Hunting sling     |       |   113 |    86 |       |       |       |       |       |       ||   199
Throw: Javelin           |       |       |       |       |     1 |    22 |     3 |     4 |    18 ||    48
 Cast: Passwall          |       |       |       |       |       |       |       |     2 |     4 ||     6
       Summon Butterflie |       |       |       |       |       |       |       |       |     1 ||     1
Invok: Lesser Servant of |       |       |       |     2 |     2 |       |       |       |     1 ||     5
       Greater Servant o |       |       |       |       |     1 |     1 |       |     1 |     7 ||    10
       Major Destruction |       |       |       |       |       |     1 |       |     1 |     1 ||     3
 Abil: Heal Wounds       |     1 |     1 |     5 |     4 |     6 |     5 |     2 |     6 |    22 ||    52
       Evoke Flight      |       |       |       |       |     1 |       |       |     5 |       ||     6
       Evoke Invisibilit |       |       |       |       |     1 |     1 |       |       |     6 ||     8
       Evoke Blink       |       |       |       |       |       |       |       |       |     3 ||     3
Evoke: Wand              |       |       |     7 |    12 |    13 |    20 |       |     3 |    11 ||    66
       Lamp of fire      |       |       |       |       |       |     1 |       |     1 |       ||     2
       Phantom mirror    |       |       |       |       |       |       |       |       |     1 ||     1
  Use: Scroll            |       |     8 |     4 |     7 |    23 |    10 |     6 |    20 |    16 ||    94
       Potion            |       |     1 |     1 |     1 |     3 |     6 |     1 |     4 |    30 ||    47
 Stab: Distracted        |       |       |       |     1 |       |     4 |       |     1 |     3 ||     9
       Petrified         |       |       |       |       |    15 |       |       |       |     4 ||    19
       Petrifying        |       |       |       |       |     1 |       |       |       |       ||     1
       Invisible         |       |       |       |       |     1 |       |       |       |    61 ||    62
       Confused          |       |       |       |       |       |     3 |       |       |     4 ||     7
  Eat: Chunk             |       |     8 |     7 |    14 |    32 |    26 |    29 |     6 |    13 ||   135
       Ration            |       |       |     1 |     2 |     2 |     2 |       |     6 |    13 ||    26
Armor: Scale mail        |    49 |    11 |       |       |       |       |       |       |       ||    60
       Chain mail        |       |    89 |   118 |    99 |       |       |       |       |       ||   306
       Plate armour      |       |       |       |   275 |   589 |   629 |   482 |   180 |       ||  2155
       Skin              |       |       |       |    72 |       |       |       |       |     5 ||    77
       Gold dragon scale |       |       |       |       |       |       |       |   243 |   872 ||  1115
Dodge: Dodged            |    30 |    49 |    84 |   285 |   450 |   455 |   585 |   478 |   661 ||  3077
Block: Shield            |    54 |    93 |   229 |   637 |  1047 |  1273 |  1281 |   913 |       ||  5527
       Reflection        |       |       |     5 |    11 |    60 |   124 |   131 |    54 |    41 ||   426
       Large shield      |       |       |       |       |       |       |       |   215 |  2332 ||  2547

Table legend:
 A = Non-vault XP
 B = Vault XP
 C = Vault XP percentage of total XP
 D = Non-vault monster count
 E = Vault monster count
 F = Vault count percentage of total count
                 A         B        C        D         E       F
            +---------+---------+-------+---------+---------+-------
      Total |  840945 |  861137 |  50.6 |    1590 |     977 |  38.1
            +---------+---------+-------+---------+---------+-------
        D:1 |      24 |       0 |   0.0 |      16 |       0 |   0.0
        D:2 |      87 |      98 |  53.0 |      19 |      11 |  36.7
        D:3 |     167 |      43 |  20.5 |      34 |       4 |  10.5
        D:4 |     145 |      13 |   8.2 |      12 |       1 |   7.7
        D:5 |     873 |     429 |  32.9 |      29 |       3 |   9.4
        D:6 |     818 |     997 |  54.9 |      30 |       1 |   3.2
        D:7 |    1208 |    1528 |  55.8 |      30 |      13 |  30.2
        D:8 |     848 |    4760 |  84.9 |      20 |      33 |  62.3
        D:9 |    1324 |     445 |  25.2 |      11 |       1 |   8.3
       D:10 |    1734 |    2783 |  61.6 |      25 |       6 |  19.4
       D:11 |    4526 |    3077 |  40.5 |      42 |      13 |  23.6
       D:12 |    5638 |    5096 |  47.5 |      29 |      41 |  58.6
       D:13 |    3800 |    4600 |  54.8 |      20 |      17 |  45.9
       D:14 |   12796 |       0 |   0.0 |      38 |       0 |   0.0
       D:15 |    8395 |    3289 |  28.1 |      26 |       4 |  13.3
     Lair:1 |    2871 |    1078 |  27.3 |      12 |       1 |   7.7
     Lair:2 |    2958 |       0 |   0.0 |      12 |       0 |   0.0
     Lair:3 |    4238 |     528 |  11.1 |      22 |       2 |   8.3
     Lair:4 |    7322 |       0 |   0.0 |      38 |       0 |   0.0
     Lair:5 |    6309 |    1530 |  19.5 |      21 |       4 |  16.0
     Lair:6 |   21070 |    2790 |  11.7 |      55 |       5 |   8.3
    Swamp:1 |    7488 |       0 |   0.0 |      22 |       0 |   0.0
    Swamp:2 |   15908 |       0 |   0.0 |      41 |       0 |   0.0
    Swamp:3 |   18694 |    2123 |  10.2 |      47 |       1 |   2.1
    Swamp:4 |   15762 |   11762 |  42.7 |      52 |      31 |  37.3
    Snake:1 |   11923 |       0 |   0.0 |      26 |       0 |   0.0
    Snake:2 |   13904 |   22324 |  61.6 |      31 |      20 |  39.2
    Snake:3 |   19847 |    7498 |  27.4 |      31 |      18 |  36.7
    Snake:4 |   20912 |   31374 |  60.0 |      46 |      44 |  48.9
      Orc:1 |    3062 |    1497 |  32.8 |      28 |       1 |   3.4
      Orc:2 |   12183 |    7762 |  38.9 |      45 |      36 |  44.4
      Elf:1 |   24727 |    9880 |  28.5 |      42 |      15 |  26.3
      Elf:2 |   15149 |   22115 |  59.3 |      27 |      27 |  50.0
      Elf:3 |   29041 |   70978 |  71.0 |      50 |      50 |  50.0
   Vaults:1 |   24600 |   18503 |  42.9 |      44 |      30 |  40.5
   Vaults:2 |   29106 |   15501 |  34.8 |      57 |      34 |  37.4
   Vaults:3 |   32031 |   34233 |  51.7 |      51 |      45 |  46.9
   Vaults:4 |   46953 |   56949 |  54.8 |      67 |      62 |  48.1
   Vaults:5 |   23909 |  106315 |  81.6 |      33 |      70 |  68.0
   Depths:1 |   38239 |   33910 |  47.0 |      47 |      31 |  39.7
   Depths:2 |   30654 |   19072 |  38.4 |      44 |      11 |  20.0
   Depths:3 |     530 |   62265 |  99.2 |       1 |     110 |  99.1
   Depths:4 |   36536 |   25682 |  41.3 |      39 |      32 |  45.1
   Depths:5 |   30053 |   44820 |  59.9 |      21 |      42 |  66.7
      Zot:1 |   40740 |    2260 |   5.3 |      24 |       1 |   4.0
      Zot:2 |   35232 |     476 |   1.3 |      21 |       1 |   4.5
      Zot:3 |   63602 |    6356 |   9.1 |      41 |       3 |   6.8
      Zot:4 |   35281 |       0 |   0.0 |      23 |       0 |   0.0
      Zot:5 |   77728 |  197603 |  71.8 |      48 |      47 |  49.5
      IceCv |       0 |   11578 | 100.0 |       0 |      44 | 100.0
   Gauntlet |       0 |    5217 | 100.0 |       0 |      11 | 100.0
            +---------+---------+-------+---------+---------+-------
